[Event "Late-Titled-Tuesday-Blitz-January-23-2024"]
[Site "Chess.com"]
[Date "2024.01.23"]
[Round "9"]
[White "Knjazj"]
[Black "familijatop71"]
[Result "0-1"]
[WhiteElo "2043"]
[BlackElo "2253"]
[TimeControl "180+1"]
[EndTime "15:42:41 PST"]
[Termination "familijatop71 won by checkmate"]

1. e4 d5 2. exd5 Qxd5 3. Nc3 Qa5 4. d4 c6 5. Nf3 Nf6 6. Bd3 Bg4 7. O-O e6 8. Bd2 Bb4 9. a3 Bxc3 10. Bxc3 Qc7 11. Re1 O-O 12. Qd2 Nbd7 13. Ne5 Nxe5 14. dxe5 Nd5 15.
Qg5 Nxc3 16. Qxg4 Nd5 17. Qh5 g6 18. Qh6 Ne7 19. Re3 Nf5 20. Bxf5 exf5 21. Rh3 f6 22. exf6 Rxf6 23. Re1 Raf8 24. Rhe3 Qg7 25. Qh3 R6f7 26. Qg3 Qxb2 27. R3e2 f4 28. Qd3 f3 29. Re3 fxg2 30. Kxg2 Rxf2+ 31. Kg1 Qxc2 32. Qe4 Qxe4 33. Rxe4 R2f3 34.
a4 Ra3 35. Rd1 Rf7 36. Rd8+ Kg7 37. Rb4 b6 38. Rc4 c5 39. Rd2 Ra1+ 40. Kg2 Rc7 41. Rf2 a6 42. Rd2 b5 43. axb5 axb5 44. Re4 c4 45.
Re8 c3 46. Rdd8 b4 47. Rg8+ Kh6 48. Rd4 c2 49. Rh4+ Kg5 50. Rxb4 c1=Q 51. Rb5+ Kh6 52. Rb3 Qf1+ 53. Kg3 Qg1+ 54. Kh3 Ra5 55. Rg3 Rh5+ 56. Kg4 Rc4+ 57. Kf3 Qf1+ 58. Ke3 Re5+ 59. Kd2 Qf2+ 60. Kd1 Re1# 0-1

[Event "Late-Titled-Tuesday-Blitz-January-23-2024"]
[Site "Chess.com"]
[Date "2024.01.23"]
[Round "9"]
[White "RodokininEV"]
[Black "Actuary44"]
[Result "1-0"]
[WhiteElo "2625"]
[BlackElo "2491"]
[TimeControl "180+1"]
[EndTime "15:42:42 PST"]
[Termination "RodokininEV won by checkmate"]

1. e4 b6 2. d4 Bb7 3. Bd3 e6 4. Nf3 Nf6 5. Qe2 d5 6. Nbd2 c5 7. e5 Nfd7 8. c3 Nc6 9. a3 Qc7 10. O-O O-O-O 11. b4 c4 12. Bc2 h6 13. a4 Re8 14. a5 b5 15. a6 Ba8 16. Nb1 f5 17. exf6 gxf6 18. Na3 Qb6 19. Bf4 Rg8 20. Bg3 e5 21. Bf5 Bd6 22. dxe5 fxe5 23. Rfd1 d4 24. Nxc4 bxc4 25. Qxc4 Kd8 26. Bh4+ Be7 27. Qe6 Qc7 28. Qd5 Bxh4 29. Nxh4 Ke7 30. b5 Na5 31. Qe6+ Kd8 32.
Qxd7+ Qxd7 33. Bxd7 Kxd7 34. Rxa5 Rg4 35. g3 Kc7 36.
cxd4 exd4 37. f4 Kb6 38. Ra4 Kxb5 39. Raxd4 Rgg8 40. Rb1+ Kc5 41. Nf5 Rb8 42. Rc1+ Kb5 43. Rd2 Be4 44. Rb2+ Kxa6 45. Ra1# 1-0

[Event "Late-Titled-Tuesday-Blitz-January-23-2024"]
[Site "Chess.com"]
[Date "2024.01.23"]
[Round "9"]
[White "Bkmzzzzz"]
[Black "SEBAZZANO"]
[Result "1-0"]
[WhiteElo "2418"]
[BlackElo "2223"]
[TimeControl "180+1"]
[EndTime "15:42:47 PST"]
[Termination "Bkmzzzzz won on time"]

1. e4 e6 2. Nf3 d5 3. exd5 exd5 4.
d4 Nf6 5. Bd3 Be7 6. O-O O-O 7.
h3 c6 8. Re1 Nbd7 9. Bg5 Re8 10. c4 Nf8 11. Nc3 dxc4 12. Bxc4 Be6 13. Bd3 Nd5 14.
Bxe7 Rxe7 15. Ng5 Nxc3 16. bxc3 h6 17. Nxe6 Rxe6 18. Qg4 Qe7 19. Rxe6 Qxe6 20. Qxe6 Nxe6 21. Rb1 b6 22. Be4 Rc8 23. Rd1 Kf8 24. g3 Ke7 25. h4 Kd6 26. f4 Nc7 27. Kf2 Re8 28. Bf3 b5 29. a4 a6 30. axb5 axb5 31. Bh5 g6 32.
Bf3 Nd5 33. Rc1 Ra8 34. Ke2 Ra2+ 35. Kd3 Rf2 36. Be4 f5 37. Bh1 Rh2 38. Rg1 Rh3 39. Bf3 Rh2 40. Bxd5 Kxd5 41. Re1 Rg2 42. Re3 Kd6 43.
Rf3 Kd5 44. Re3 Kd6 45. c4 bxc4+ 46. Kxc4 Rc2+ 47. Kb3 1-0

[Event "Late-Titled-Tuesday-Blitz-January-23-2024"]
[Site "Chess.com"]
[Date "2024.01.23"]
[Round "9"]
[White "KNVB"]
[Black "Sebastian"]
[Result "1/2-1/2"]
[WhiteElo "2787"]
[BlackElo "2998"]
[TimeControl "180+1"]
[EndTime "15:42:48 PST"]
[Termination "Game drawn by repetition"]

1. d4 Nf6 2. Bf4 d5 3. e3 e6 4. Nf3 c5 5. c3 Bd6 6. Nbd2 cxd4 7. Bxd6 dxe3 8. Ba3 exd2+ 9. Qxd2 Ne4 10. Qe3 Qb6 11. Nd4 Nc6 12. f3 Nxd4 13. Qxd4 Qxd4 14. cxd4 Nf6 15. Rc1 Kd8 16. Bd3 Bd7 17. Kd2 Bc6 18. g4 h6 19. Bd6 Ne8 20. Bg3 Kd7 21. h4 Nd6 22. b3 a5 23. a4 b6 24. h5 f6 25.
Rhe1 Rhc8 26. Bg6 Bb7 27. Rxc8 Bxc8 28. Bd3 Ba6 29. Bc2 Rc8 30. Bg6 Rc7 31. Bc2 Rc6 32. Bg6 Bc8 33. Bh7 Ke7 34. Bd3 Bd7 35. Ba6 Be8 36.
Bd3 Rc8 37. Bc2 Bd7 38. Bd3 Rc6 39. Be2 Kd8 40. Bd3 Bc8 41. Bg6 Kd7 42. Bh7 Bb7 43. Bg8 Ne8 44. Bf7 Nc7 45. Bg6 Ba6 46. Bf7 Bc8 47.
Bg6 Ne8 48. Bf7 Ke7 49. Bg6 Nd6 50. Bd3 Kd7 51. Bh7 1/2-1/2

[Event "Late-Titled-Tuesday-Blitz-January-23-2024"]
[Site "Chess.com"]
[Date "2024.01.23"]
[Round "9"]
[White "Yurovskykh_Oleksandr"]
[Black "AlexOstrovskiy"]
[Result "1/2-1/2"]
[WhiteElo "2623"]
[BlackElo "2763"]
[TimeControl "180+1"]
[EndTime "15:42:48 PST"]
[Termination "Game drawn by repetition"]

1. d4 Nf6 2. Nf3 c5 3. c3 d5 4. Bf4 Nc6 5. e3 Qb6 6. Qc2 Nh5 7. Bg5 h6 8. Bh4 g5 9. Bg3 Nxg3 10. hxg3 Bg7 11. Nbd2 e6 12. Qb3 Bd7 13. Qxb6 axb6 14. a3 e5 15. dxe5 Nxe5 16. Nxe5 Bxe5 17. Bd3 f5 18. f4 Bf6 19. Nf3 Kf7 20. Kf2 Kg7 21. Rad1 Be6 22. Rd2 Rae8 23. Rhd1 Re7 24. Bb1 Rhe8 25. Ba2 d4 26. Bxe6 dxe3+ 27. Kxe3 Rxe6+ 28.
Kf2 b5 29. Re1 Rxe1 30. Nxe1 gxf4 31. gxf4 Bh4+ 32. g3 Bxg3+ 33. Kxg3 Rxe1 34. Rd7+ Kg6 35. Rxb7 Re3+ 36. Kf2 Rd3 37. Rxb5 c4 38. a4 Rd1 39. Rb4 Rb1 40. a5 Ra1 41. Rxc4 Rxa5 42. b4 Ra2+ 43. Kg3 Rb2 44. Rc5 Rb3 45. b5 Rb1 46. c4 Rg1+ 47. Kf2 Rb1 48. Rc6+ Kh5 49. b6 Kg4 50. c5 Kxf4 51. Rc7 Rb2+ 52. Kg1 Kf3 53. b7 f4 54. c6 Rb1+ 55. Kh2 Rb2+ 56. Kh3 Rb1 57. Kh2 Rb2+ 58. Kg1 Rb1+ 59. Kh2 1/2-1/2

[Event "Late-Titled-Tuesday-Blitz-January-23-2024"]
[Site "Chess.com"]
[Date "2024.01.23"]
[Round "9"]
[White "DenLaz"]
[Black "platy3"]
[Result "1-0"]
[WhiteElo "3087"]
[BlackElo "2869"]
[TimeControl "180+1"]
[EndTime "15:42:49 PST"]
[Termination "DenLaz won on time"]

1. d4 Nf6 2. c4 e6 3. Nf3 d5 4. g3 dxc4 5. Bg2 a6 6. O-O Nc6 7. e3 Bd7 8. Qe2 b5 9. b3 cxb3 10. axb3 Bd6 11. Bb2 O-O 12. Rc1 Nb4 13. Ne5 Ra7 14.
Nd2 Qe7 15. Ne4 Nxe4 16. Bxe4 Be8 17. h4 f6 18. Nd3 Nxd3 19. Qxd3 f5 20. Bf3 Bd7 21.
Kg2 a5 22. h5 h6 23. Bc3 a4 24. bxa4 bxa4 25. Qc4 Rb8 26. e4 fxe4 27. Bxe4 a3 28.
Re1 Ra4 29. Qd3 Qf7 30. Bf3 Qf5 31. Qe2 Rb3 32. Be4 Qb5 33. Qd2 Bc6 34. Qc2 Bxe4+ 35. Rxe4 Qd5 36. f3 a2 37. Rae1 Raa3 38. Bb2 Ra6 39.
Rxe6 Rc6 40. Re8+ Bf8 41. Qe2 Rxb2 42. Qxb2 Rb6 43. Qe2 Rf6 44. Re4 Rb6 45. Ra1 Rb3 46. Qxa2 1-0

[Event "Late-Titled-Tuesday-Blitz-January-23-2024"]
[Site "Chess.com"]
[Date "2024.01.23"]
[Round "9"]
[White "yaguigor"]
[Black "OneTrickPony_82"]
[Result "0-1"]
[WhiteElo "2614"]
[BlackElo "2505"]
[TimeControl "180+1"]
[EndTime "15:42:51 PST"]
[Termination "OneTrickPony_82 won by checkmate"]

1. Nf3 Nf6 2. c4 c5 3. Nc3 e6 4. d4 d5 5. cxd5 exd5 6. g3 Nc6 7. Bg2 cxd4 8. Nxd4 Bc5 9. Nb3 Bb6 10. Nxd5 Be6 11.
Nxb6 Qxd1+ 12. Kxd1 axb6 13. Nd2 Bxa2 14. Bxc6+ bxc6 15. Kc2 Nd5 16. b3 O-O 17. Kb2 Nb4 18. Nc4 Rfe8 19.
Be3 b5 20. Na3 Ra6 21. Nc2 Nxc2 22. Kxc2 Rea8 23. Bd4 Ra3 24. b4 Bb3+ 25. Kd2 Ra2+ 26. Rxa2 Rxa2+ 27. Ke3 Bc4 28. Re1 f6 29. f4 Kf7 30.
Kf3 Ra3+ 31. Kf2 Rb3 32. Bc5 Rb2 33. h4 Ke6 34. Kf3 f5 35. e4 Rb3+ 36. Kf2 fxe4 37. Rxe4+ Kf7 38. Re5 h6 39. h5 Rb2+ 40. Ke3 Re2+ 41.
Kd4 Rxe5 42. Kxe5 Bd5 43. g4 Bf3 44. Kf5 Be2 45. Bd4 Bd1 46. Be5 Be2 47. Bc3 Bd1 48. Bd4 Be2 49. Bb2 Bd1 50. Ba1 Be2 51. Be5 Bd3# 0-1

[Event "Late-Titled-Tuesday-Blitz-January-23-2024"]
[Site "Chess.com"]
[Date "2024.01.23"]
[Round "9"]
[White "Goryachkina"]
[Black "mightysmasher"]
[Result "1-0"]
[WhiteElo "2691"]
[BlackElo "2572"]
[TimeControl "180+1"]
[EndTime "15:42:52 PST"]
[Termination "Goryachkina won on time"]

1. e4 e6 2. d4 d5 3. Nc3 dxe4 4. Nxe4 Nd7 5. g3 Ngf6 6. Nxf6+ Nxf6 7. Bg2 Bd6 8. Ne2 O-O 9. O-O c6 10. c4 Re8 11. h3 Bd7 12. Bf4 Bxf4 13. Nxf4 Qc7 14. Nd3 Rad8 15. Qb3 b6 16. Rad1 Bc8 17. Qc3 Bb7 18. c5 Nd5 19. Qa3 b5 20. Ne5 a5 21.
Qf3 f6 22. Nd3 b4 23. Rfe1 Ba6 24. Nf4 Nxf4 25. gxf4 Bc4 26. Qxc6 Qxf4 27. d5 Rc8 28. Qa4 Qg5 29. d6 Red8 30. c6 Qc5 31. d7 Rc7 32.
Rc1 Kf7 33. Qc2 Rxc6 34. Bxc6 Qg5+ 35. Bg2 Bd5 36. f4 Qg3 37. Qf2 Qg6 38. Rc7 Bxg2 39.
Qxg2 Qd3 40. Qe2 Qd4+ 41. Qe3 Qd6 42. Rb7 Qc6 43. Rb6 Qxd7 44. Rxe6 Kf8 45. Qc5+ Kg8 46. Re7 Qxh3 47. Qc4+ 1-0

[Event "Late-Titled-Tuesday-Blitz-January-23-2024"]
[Site "Chess.com"]
[Date "2024.01.23"]
[Round "9"]
[White "Crazy_girl99"]
[Black "jcmesafischer"]
[Result "1-0"]
[WhiteElo "2593"]
[BlackElo "2354"]
[TimeControl "180+1"]
[EndTime "15:42:54 PST"]
[Termination "Crazy_girl99 won by resignation"]

1. Nf3 d5 2. d4 Nf6 3. Bf4 e6 4. e3 c5 5. c3 Nc6 6. Nbd2 Bd6 7. Bg3 Qe7 8. Bd3 e5 9. dxe5 Nxe5 10. Nxe5 Bxe5 11.
Nf3 Bd6 12. O-O Bxg3 13. hxg3 O-O 14. Re1 Bd7 15. Qc2 Bc6 16. Rad1 a5 17. c4 dxc4 18.
Bxc4 b5 19. Bf1 c4 20. Nd4 Be4 21. Qd2 Qb7 22. f3 Bg6 23. g4 Rfc8 24. e4 Nd7 25. Nxb5 Qxb5 26. Qxd7 Qxb2 27. Bxc4 h6 28. Bd5 Rc2 29. Qd6 Rxg2+ 30. Kh1 Rc8 31. Rb1 Qf2 32. Rf1 Qe2 33. Rbe1 Qc2 34. Rc1 Rh2+ 35. Qxh2 Qxc1 36. Rxc1 Rxc1+ 37. Qg1 Rxg1+ 38. Kxg1 Kf8 39. Kf2 f6 40. Ke3 Ke7 41. Kd4 Kd6 42. f4 Be8 43. e5+ Ke7 44. a3 g5 45. f5 h5 46. gxh5 Bxh5 47. Bg2 Bg4 48. Ke4 Bd1 49. Bh3 Bc2+ 50. Kd4 Bd1 51. Ke4 g4 52. Bg2 g3 53. Kf4 fxe5+ 54. Kxe5 Kf7 55. Kf4 Kf6 56. Be4 g2 57. Bxg2 Bc2 58.
Bh3 Ke7 59. Ke5 Kd7 60. f6+ Ke8 61. Be6 Kf8 62. Kd6 Bg6 63. Kc5 Bf7 64. Bxf7 Kxf7 65. Kb5 Kxf6 66. Kxa5 Ke6 67. Kb6 Kd7 68. Kb7 Kd6 69.
a4 Kc5 70. a5 Kb5 71. a6 1-0

[Event "Late-Titled-Tuesday-Blitz-January-23-2024"]
[Site "Chess.com"]
[Date "2024.01.23"]
[Round "9"]
[White "FabianoCaruana"]
[Black "js20000"]
[Result "1-0"]
[WhiteElo "3055"]
[BlackElo "2898"]
[TimeControl "180+1"]
[EndTime "15:42:55 PST"]
[Termination "FabianoCaruana won by resignation"]

1. d4 d5 2. Nf3 Nf6 3. Bf4 c5 4. e3 Nc6 5. Be2 cxd4 6. exd4 Bf5 7. O-O e6 8. Nbd2 Bd6 9. Bxd6 Qxd6 10. c3 O-O 11.
Re1 h6 12. a4 Ne4 13. Nxe4 Bxe4 14. Nd2 Bh7 15. a5 Qc7 16. Nb3 Rad8 17. Qd2 Rfe8 18. Bb5 Re7 19. h3 Nb8 20. Re3 Nd7 21. Rae1 Nf6 22. Qd1 Ne4 23. Bd3 Nd6 24. Bf1 Nc4 25.
Bxc4 dxc4 26. Nd2 Rd5 27. Re5 Red7 28. Qa4 Bd3 29. Nf3 Qd8 30. Qb4 Qf8 31. Qa4 Qd8 32. R1e3 a6 33. Qb4 Qf8 34. Qa4 Qd8 35. Nd2 Rxe5 36. Rxe5 Rd5 37. Nf3 Kh7 38. Qb4 Rxe5 39. Nxe5 Qg5 40. Qxb7 Qc1+ 41. Kh2 Qf4+ 42. g3 Qxf2+ 43.
Qg2 Qf5 44. Qf3 Qxf3 45. Nxf3 f6 46. Nd2 Kg6 47. Kg2 Kf7 48. Kf3 Ke7 49. Ke3 Kd6 50. b3 Kd5 51. b4 Bc2 52. h4 e5 53. Nf3 e4 54. Ne1 Bd1 55. Ng2 g5 56. Kd2 Bb3 57.
Ne3+ Kc6 58. h5 1-0

[Event "Late-Titled-Tuesday-Blitz-January-23-2024"]
[Site "Chess.com"]
[Date "2024.01.23"]
[Round "9"]
[White "AlexPapasimakopoulos"]
[Black "rasmussvane"]
[Result "0-1"]
[WhiteElo "2761"]
[BlackElo "2973"]
[TimeControl "180+1"]
[EndTime "15:42:55 PST"]
[Termination "rasmussvane won by resignation"]

1. d4 d5 2. c4 e6 3. Nc3 a6 4. cxd5 exd5 5. Qb3 Nc6 6. Nf3 Bb4 7. Bf4 Nge7 8. e3 O-O 9. Be2 Bd6 10. Bg3 Be6 11. O-O Bxg3 12. hxg3 Qd6 13. Rac1 Nd8 14. Na4 c6 15. Nc5 Bc8 16. Qb6 Nf5 17. b4 Qe7 18. a4 Nd6 19. b5 axb5 20. axb5 Bg4 21. Rc2 Bxf3 22. gxf3 h5 23. bxc6 bxc6 24. Kg2 g6 25. Rfc1 Kg7 26. Qb4 h4 27. g4 h3+ 28.
Kh2 Ra7 29. Nd3 Rb7 30. Qa3 Ra7 31. Qc5 Rc7 32. Bf1 Ne6 33. Qa3 Ng5 34. Be2 Rfc8 35.
Ne5 Qf6 36. f4 Nge4 37. f3 Qh4 38. Ba6 Qg3+ 39. Kh1 Nf2+ 40. Rxf2 Qxf2 41. Bf1 Nc4 42. Nxc4 Qxf3+ 43. Kh2 Qf2+ 44. Kh1 dxc4 45. Qc3 Qf3+ 46. Kh2 Qxg4 47. d5+ f6 48. d6 Rd7 49. Rc2 Rxd6 50. Qxc4 Rcd8 51. Qe2 Qxe2+ 52. Rxe2 Rd2 53. Kxh3 Rxe2 54.
Bxe2 c5 55. Kg3 f5 56. Kf3 Kf6 57. e4 fxe4+ 58. Kxe4 Rd4+ 59. Ke3 Kf5 60. Bd3+ Rxd3+ 61. Kxd3 Kxf4 0-1

[Event "Late-Titled-Tuesday-Blitz-January-23-2024"]
[Site "Chess.com"]
[Date "2024.01.23"]
[Round "9"]
[White "TheMagician"]
[Black "Walter_White_Poland"]
[Result "1-0"]
[WhiteElo "2153"]
[BlackElo "2309"]
[TimeControl "180+1"]
[EndTime "15:42:55 PST"]
[Termination "TheMagician won on time"]

1. d4 d5 2. c4 e6 3. Nf3 Nf6 4. Nc3 Be7 5. Bg5 O-O 6. e3 h6 7. Bh4 Ne4 8. Bxe7 Qxe7 9. Qc2 Nxc3 10. Qxc3 c5 11. dxc5 Qxc5 12. a3 dxc4 13. Qxc4 Nd7 14. Rc1 Qxc4 15. Bxc4 Nb6 16. O-O Nxc4 17. Rxc4 Bd7 18.
Rc7 Bc6 19. Rc1 Rfc8 20. Rxc8+ Rxc8 21. Ne5 Bd7 22. Rxc8+ Bxc8 23. Nc4 Bd7 24. f3 f6 25. Kf2 Kf8 26. e4 e5 27. Ne3 Ke7 28. b4 Kd6 29.
Ke1 a5 30. Kd2 axb4 31. axb4 Kc6 32. Kc3 Kb5 33. Nc4 Bc6 34. Nd6+ Ka4 35. Nf5 Bb5 36.
Nxg7 Bf1 37. g3 Bg2 38. Nh5 Bxf3 39. Nxf6 Kb5 40. g4 Kc6 41. h4 Kd6 42. g5 hxg5 43. hxg5 Ke6 44. Kc4 Kf7 45. Kc5 Kg6 46. Kd5 Kxg5 47.
Kxe5 Be2 48. Ne8 Bb5 49. Nd6 Bc6 50. b5 Bd7 51. Kd5 1-0

[Event "Late-Titled-Tuesday-Blitz-January-23-2024"]
[Site "Chess.com"]
[Date "2024.01.23"]
[Round "9"]
[White "ansko1999"]
[Black "Zq1"]
[Result "1-0"]
[WhiteElo "2715"]
[BlackElo "2495"]
[TimeControl "180+1"]
[EndTime "15:42:57 PST"]
[Termination "ansko1999 won on time"]

1. d4 Nf6 2. c4 a6 3. g3 c5 4. Nf3 cxd4 5. Nxd4 Nc6 6. Bg2 Nxd4 7. Qxd4 g6 8. Nc3 Bg7 9. O-O O-O 10. Qd3 d6 11.
Rd1 Bf5 12. e4 Be6 13. b3 b5 14. cxb5 axb5 15. Bb2 b4 16. Ne2 Rb8 17. h3 Bd7 18. Nd4 Qb6 19. g4 Rfd8 20. Nc2 Bb5 21. Qd4 Qxd4 22. Bxd4 Ba6 23. Rac1 Nd7 24. Bxg7 Kxg7 25.
Nd4 Bb7 26. Rc4 Ba8 27. Rdc1 Nc5 28. Nc2 Nd3 29. Ra1 Rdc8 30. Ne3 Rxc4 31. Nxc4 Nc5 32. f3 Bb7 33. Bf1 Ba6 34. Kf2 Bxc4 35. Bxc4 g5 36.
a4 bxa3 37. Rxa3 Kf6 38. Ke3 e6 39. Ra7 h6 40. Ra3 Rb7 41. Kd4 Ke7 42. Kc3 Nd7 43.
Ra6 Ne5 44. Ra8 Nxf3 45. Rh8 Ne5 46. Rxh6 Ra7 47. Rh7 Kf6 48. Rh6+ Kg7 49. Rh5 f6 50. Bxe6 Ra1 51. Bf5 Rc1+ 52. Kb4 Rb1 53. Rh7+ 1-0

[Event "Late-Titled-Tuesday-Blitz-January-23-2024"]
[Site "Chess.com"]
[Date "2024.01.23"]
[Round "9"]
[White "sansanathalia"]
[Black "olawsson"]
[Result "1-0"]
[WhiteElo "2388"]
[BlackElo "2169"]
[TimeControl "180+1"]
[EndTime "15:42:57 PST"]
[Termination "sansanathalia won on time"]

1. e4 c5 2. Nf3 a6 3. g3 b5 4.
Bg2 Bb7 5. d3 g6 6. O-O Bg7 7.
c3 e6 8. Re1 Ne7 9. b3 O-O 10.
Bb2 d5 11. exd5 Nxd5 12. Qc2 Nc6 13. Nbd2 Qb6 14. Ne4 Rfd8 15. Rad1 Rac8 16. h4 h6 17. Nh2 f5 18. Nd2 Ncb4 19. cxb4 cxb4 20. Nc4 Bxb2 21.
Qxb2 bxc4 22. dxc4 Nc3 23. Rc1 Bxg2 24. Kxg2 Rd3 25. Qc2 Rcd8 26. Nf1 Qc6+ 27. Kg1 Qf3 28. Rxe6 Kf7 29. Rce1 Ne4 30. R6xe4 fxe4 31. Qc1 Kg7 32. Qb2+ Kh7 33. Qe5 Qf5 34. Qe7+ Kh8 35. Rxe4 R3d7 36.
Qe5+ Qxe5 37. Rxe5 Rd1 38. Kg2 Ra1 39. Ra5 Rd6 40.
Ne3 Rf6 41. Ng4 Rd6 42. Nxh6 Kh7 43. Ng4 Rd2 44. Rxa6 Raxa2 45. Rb6 Rdb2 46. Rxb4 Ra3 47. Rb7+ Kg8 48. c5 Raxb3 49. Rd7 Rc3 50. Nf6+ Kf8 51. Ne4 1-0

[Event "Late-Titled-Tuesday-Blitz-January-23-2024"]
[Site "Chess.com"]
[Date "2024.01.23"]
[Round "9"]
[White "sergeikim"]
[Black "WPWPWP-2015"]
[Result "1-0"]
[WhiteElo "2426"]
[BlackElo "2485"]
[TimeControl "180+1"]
[EndTime "15:42:58 PST"]
[Termination "sergeikim won by resignation"]

1. d4 Nf6 2. c4 e6 3. Nc3 d5 4. Nf3 c6 5. e3 Nbd7 6. Bd3 dxc4 7. Bxc4 b5 8. Bb3 Bd6 9. O-O O-O 10. e4 b4 11. e5 bxc3 12. exd6 Ne4 13. bxc3 Nxd6 14. Ba3 Qc7 15. Ne5 Rd8 16. Qh5 Nxe5 17. Qxe5 a5 18.
Bc5 a4 19. Bc2 Ba6 20. Rfe1 Ne8 21. Qh5 Nf6 22. Qh4 Bc4 23. Re3 Rd5 24. Rg3 Rh5 25.
Qxf6 Qxg3 26. hxg3 gxf6 27. g4 Rg5 28. f3 h5 29. gxh5 Rxh5 30. Be4 Rc8 31. a3 f5 32. Bc2 Bb5 33. Re1 Kg7 34. Bd6 Kf6 35.
Kf2 Rg8 36. Rb1 Rd8 37. Be5+ Ke7 38. Rb4 f6 39. Bg3 e5 40. f4 exd4 41. cxd4 Ke6 42. Bd1 Kd6 43. Bxh5 Kc7 44. Bf3 Rg8 45. Bh4 Rg6 46.
g3 Kd6 47. Bh5 Rh6 48. Bf7 Ke7 49. Bc4 Bxc4 50. Rxc4 Kd6 51. Rxa4 Kd5 52. Ke3 Rh7 53. Ra5+ Ke6 54. Rc5 Rc7 55. a4 Ra7 56. a5 Rb7 57.
Rxc6+ Kd5 58. Rc5+ Ke6 59. Kd3 Rb3+ 60. Kc4 Rb1 61.
d5+ Kd6 62. Rc6+ Kd7 63. Bxf6 Rc1+ 64. Bc3 Rg1 65. a6 Rxg3 66. a7 Rg8 67. Be5 Ra8 68. Bb8 Rxa7 1-0

[Event "Late-Titled-Tuesday-Blitz-January-23-2024"]
[Site "Chess.com"]
[Date "2024.01.23"]
[Round "9"]
[White "dropstoneDP"]
[Black "LevonAronian"]
[Result "1/2-1/2"]
[WhiteElo "3047"]
[BlackElo "3110"]
[TimeControl "180+1"]
[EndTime "15:43:00 PST"]
[Termination "Game drawn by repetition"]

1. e4 c5 2. Nf3 e6 3. d4 cxd4 4.
Nxd4 Nc6 5. Nc3 Qc7 6. Be2 a6 7. Nxc6 bxc6 8. Qd4 Nf6 9. e5 Nd5 10. Nxd5 cxd5 11. Bd3 Bc5 12. Qf4 f6 13. exf6 Qxf4 14. Bxf4 gxf6 15. Be3 Bxe3 16. fxe3 f5 17. g3 a5 18. Rf1 Ba6 19. Rf4 Ke7 20. Kd2 Rhb8 21. b3 Bxd3 22. cxd3 a4 23. b4 a3 24. Rb1 Kd6 25. Rb3 Ra4 26. b5 Ra5 27. b6 Kc6 28.
Rc3+ Kd6 29. Rb3 Rb7 30. Rh4 Ra6 31. Rhb4 Kc5 32. Kc3 h5 33. Rb5+ Kc6 34. d4 d6 35.
R5b4 Ra5 36. Kd3 e5 37. Rc3+ Kd7 38. Rbb3 Ra6 39. Rxa3 Rbxb6 40. Rxa6 Rxa6 41. a3 Ra8 42. Rb3 h4 43. gxh4 Rh8 44. dxe5 dxe5 45. Rb4 Kc6 46. a4 Kc5 47. Rb5+ Kc6 48. Rb4 Kc5 49. Rb5+ Kc6 50.
Rb4 1/2-1/2

[Event "Late-Titled-Tuesday-Blitz-January-23-2024"]
[Site "Chess.com"]
[Date "2024.01.23"]
[Round "9"]
[White "TigrVShlyape"]
[Black "M1711"]
[Result "1-0"]
[WhiteElo "2948"]
[BlackElo "2668"]
[TimeControl "180+1"]
[EndTime "15:43:00 PST"]
[Termination "TigrVShlyape won by resignation"]

1. d4 Nf6 2. Bf4 g6 3. Nf3 Bg7 4. c3 O-O 5. h3 d6 6. Nbd2 c5 7.
dxc5 dxc5 8. e4 Nc6 9. Be2 b6 10.
O-O Bb7 11. Re1 Qd7 12. a4 Rad8 13. Qc2 Nh5 14. Bh2 Bh6 15. Nc4 Qe6 16. Bf1 Ba6 17. b3 Bf4 18. e5 Bxh2+ 19. Kxh2 Ng7 20. Qe4 Na5 21. Ng5 Qc8 22. Qh4 h5 23. e6 Bxc4 24. Bxc4 f6 25. Nf7 Rd2 26. Rad1 Nxc4 27. Qxc4 Rxd1 28. Rxd1 Qxe6 29. Nd8 Qxc4 30. bxc4 Re8 31. g4 hxg4 32. hxg4 e5 33. Rd6 f5 34. Nc6 fxg4 35. Rxg6 Re6 36. Rxe6 Nxe6 37. Kg3 Nf4 38. Kxg4 Nd3 39.
Kf5 Nb2 40. Kxe5 Nxa4 41. Nxa7 Nxc3 42. f4 Kf7 43. f5 Nd1 44. Nc8 Ne3 45. Nxb6 Ng4+ 46.
Kf4 Nf6 47. Nd5 Nd7 48. Ke4 Ke8 49. f6 Kf7 50. Kf5 Nb8 51. Ne7 Nd7 52. Nd5 Nb8 53. Nb6 Nc6 54. Nd7 Na5 55. Ne5+ Kf8 56. Ke6 Nb7 57. Nd7+ Ke8 58. f7+ 1-0

[Event "Late-Titled-Tuesday-Blitz-January-23-2024"]
[Site "Chess.com"]
[Date "2024.01.23"]
[Round "9"]
[White "maximnovik"]
[Black "TanitoluwaAps116"]
[Result "0-1"]
[WhiteElo "2580"]
[BlackElo "2710"]
[TimeControl "180+1"]
[EndTime "15:43:00 PST"]
[Termination "TanitoluwaAps116 won on time"]

1. e4 c5 2. Nf3 e6 3. c3 Nf6 4. e5 Nd5 5. d4 cxd4 6. cxd4 Nc6 7. Nc3 d6 8. exd6 Bxd6 9. Bd3 O-O 10. O-O Nxc3 11. bxc3 e5 12. dxe5 Nxe5 13. Nxe5 Bxe5 14. Bxh7+ Kxh7 15. Qh5+ Kg8 16. Qxe5 Be6 17. Be3 Re8 18. Bd4 f6 19. Qg3 b6 20. Rfe1 Rc8 21. Re3 Kf7 22.
Rae1 Qd7 23. h4 Qd5 24. R1e2 Re7 25. f3 Rh8 26. Qf4 Rhe8 27. g4 Bd7 28. Rxe7+ Rxe7 29. Rxe7+ Kxe7 30. h5 Bc6 31. Kf2 Qxa2+ 32. Kg3 Qe6 33.
h6 gxh6 34. Qxh6 Qd6+ 35. Kf2 Bd5 36. f4 Bf7 37. Kg3 Qe6 38. Qh8 Qe1+ 39. Bf2 Qxc3+ 40.
Kh2 Qf3 41. Bg3 Qxg4 42. Qb8 Qh5+ 43. Kg1 Qd1+ 44. Kh2 Bd5 45. Qc7+ Ke6 46. f5+ Kxf5 47. Qf4+ Kg6 48. Qg4+ Qxg4 0-1

[Event "Late-Titled-Tuesday-Blitz-January-23-2024"]
[Site "Chess.com"]
[Date "2024.01.23"]
[Round "9"]
[White "GMJustin"]
[Black "Jem"]
[Result "0-1"]
[WhiteElo "2312"]
[BlackElo "2172"]
[TimeControl "180+1"]
[EndTime "15:43:05 PST"]
[Termination "Jem won on time"]

1. d4 Nf6 2. c4 g6 3. Nc3 Bg7 4. e4 d6 5. Nf3 O-O 6. Be2 e5 7. O-O Nc6 8. d5 Ne7 9. Be3 Ng4 10. Bg5 h6 11. Bd2 f5 12. Nh4 Nf6 13. exf5 gxf5 14. g3 a6 15. Qc1 Kh7 16. f4 e4 17. Be3 b6 18. Qd2 Ng6 19. Nxg6 Kxg6 20. h3 h5 21. Bd4 Rh8 22. Nd1 Qg8 23. Ne3 Kf7 24. Kh2 h4 25. g4 fxg4 26. hxg4 Bd7 27. g5 Nh5 28. g6+ Kf8 29.
Bxh5 Rxh5 30. f5 Bxd4 31. Qxd4 Qg7 32. Qxg7+ Kxg7 33. Rf4 Re8 34. Rg1 Kf6 35. Rgg4 Bxf5 36. Rxh4 Rxh4+ 37. Rxh4 Bxg6 38. Kg3 Ke5 39. Rg4 Kd4 40.
Nc2+ Kd3 41. Nb4+ Kxc4 42. Nc6 Bf5 43. Rf4 Bh7 44. Kf2 Kxd5 45. Nb4+ Kc4 46. Nxa6 Kd3 47. Nxc7 e3+ 48. Ke1 Rg8 0-1

[Event "Late-Titled-Tuesday-Blitz-January-23-2024"]
[Site "Chess.com"]
[Date "2024.01.23"]
[Round "9"]
[White "MyDream003"]
[Black "jk13"]
[Result "0-1"]
[WhiteElo "2825"]
[BlackElo "2671"]
[TimeControl "180+1"]
[EndTime "15:43:06 PST"]
[Termination "jk13 won on time"]

1. Nf3 Nf6 2. b3 e6 3. Bb2 d5 4. e3 Be7 5. Be2 O-O 6. O-O a5 7. a3 c5 8. d4 a4 9. Nbd2 b6 10. bxa4 Rxa4 11. c4 Ra8 12. Ne5 cxd4 13. Bxd4 Rxa3 14.
Rb1 Nfd7 15. cxd5 exd5 16. Nxd7 Nxd7 17. Nf3 Ba6 18. Bxa6 Rxa6 19. Qd3 Qa8 20. Qf5 Nc5 21. Qg4 Ne6 22. Bxb6 Bf6 23. Bd4 Ra4 24. Rfd1 h6 25. h3 Rb8 26. Rxb8+ Qxb8 27. Qf5 Bxd4 28. exd4 Qd6 29.
Ne5 Qe7 30. Rb1 Ra8 31. Qd3 Qg5 32. g3 Rc8 33. Kh2 h5 34. Qf3 Qe7 35. Qxd5 h4 36. Rb7 Qg5 37. Rb2 hxg3+ 38. fxg3 Qe3 39. Qd7 Rf8 40. Nc6 Ng5 41. Ne7+ Kh8 42. h4 Nf3+ 43. Kh3 Ng1+ 44. Kg2 Ne2 45. Nf5 Qe4+ 46. Kf2 Nc3 47. Rd2 Nd5 48. Re2 Qh1 49. Qd6 Rc8 50. Qe5 Rg8 51.
Qd6 Qh2+ 52. Kf3 Qh3 0-1

[Event "Late-Titled-Tuesday-Blitz-January-23-2024"]
[Site "Chess.com"]
[Date "2024.01.23"]
[Round "9"]
[White "DrCeltic"]
[Black "MusicCityMaster"]
[Result "1-0"]
[WhiteElo "2610"]
[BlackElo "2475"]
[TimeControl "180+1"]
[EndTime "15:43:08 PST"]
[Termination "DrCeltic won on time"]

1. e4 e6 2. d4 d5 3. Nc3 Bb4 4.
e5 c5 5. Bd2 Ne7 6. Nb5 Bxd2+ 7.
Qxd2 O-O 8. dxc5 Nbc6 9. Nf3 Ng6 10. Qc3 a6 11. Nd6 d4 12. Nxd4 Ncxe5 13. O-O-O Qg5+ 14. Kb1 Ne7 15. g3 Nd5 16. Qb3 Qe7 17. Bg2 Nd7 18. Bxd5 Nxc5 19. N6f5 exf5 20. Qa3 Bd7 21. Rhe1 Qd6 22.
Nb3 Qf6 23. Nxc5 Bb5 24. c4 Bc6 25. Qc3 Qg6 26. Bxc6 Qxc6 27. Nd7 Rfe8 28. Ne5 Qc5 29. Nd3 Qb6 30. c5 Qb5 31. Ne5 a5 32. Qc4 Qb4 33. Qxf7+ Kh8 34. Ng6+ hxg6 35. Rxe8+ Rxe8 36. Qxe8+ Kh7 37.
Qe3 a4 38. a3 Qc4 39. Rc1 Qd5 40. h4 Qg2 41. Qf4 Qd5 42. Ka1 Qd3 43. Qg5 Qf3 44. h5 gxh5 45. Qe3 Qd5 46. Qc3 Kg6 47. Qc2 Kh7 48.
Qxa4 Qe5 49. Qb4 Qf6 50. Qxb7 Qd4 51. c6 Qd2 52. Rb1 Qxf2 53. c7 Qxg3 54. c8=Q h4 55. Qxf5+ 1-0